 Dungeon Crawl Stone Soup version 0.16.1-51-g6203257 (webtiles) character file.

113 teebee the Skirmisher (level 4, -1/42 HPs)
             Began as a Hill Orc Fighter on July 29, 2015.
             Slain by an ogre
             ... wielding a +0 giant club
              (5 damage)
             ... on level 4 of the Dungeon.
             The game lasted 00:08:30 (2253 turns).

teebee the Skirmisher (Hill Orc Fighter)            Turns: 2253, Time: 00:08:30

Health: -1/42      AC:  9    Str: 19    XL:     4   Next: 96%
Magic:  4/4        EV:  7    Int:  8    God:
Gold:   144        SH:  0    Dex: 10    Spells: 0 memorised, 3 levels left

rFire  . . .     SeeInvis .     a - +0 long sword
rCold  . . .     Clarity  .     i - +0 chain mail
rNeg   . . .     SustAb   .     (no shield)
rPois  .         Gourm    .     (no helmet)
rElec  .         Spirit   .     (no cloak)
rCorr  .         Warding  .     (no gloves)
rMut   .         Stasis   .     (no boots)
MR     .....                    (no amulet)
Stlth  ..........               (no ring)
                                (no ring)

@: not resistant to hostile enchantments, extremely unstealthy
A: no striking features
a: no special abilities


You were on level 4 of the Dungeon.
You were not hungry.

You visited 1 branch of the dungeon, and saw 4 of its levels.

You collected 144 gold pieces.

Inventory:

Hand weapons
 a - a +0 long sword (weapon)
 h - a +1 falchion of slicing
Armour
 b - a +0 scale mail
 c - a +0 shield
 i - a +0 chain mail (worn)
Magical devices
 u - a wand of disintegration (16)
Scrolls
 f - 2 scrolls of enchant weapon {unknown}
 g - a scroll of immolation {unknown}
 l - a scroll of teleportation {unknown}
 p - 2 scrolls of identify
 q - a scroll of fear {unknown}
 s - a scroll of random uselessness {unknown}
 v - a scroll of remove curse {unknown}
Potions
 e - 2 potions of might
 j - a potion of magic
Comestibles
 d - 3 meat rations
 k - 3 beef jerkies
 m - 2 bread rations
 n - 4 chunks of flesh
 o - a royal jelly
 r - 3 fruits


   Skills:
 * Level 5.2 Fighting
 * Level 3.7 Long Blades
 - Level 3.5 Armour
 - Level 3.4 Shields


You had 3 spell levels left.
You didn't know any spells.

Dungeon Overview and Level Annotations

Branches:
Dungeon (4/15)
 Temple: D:4-7

Altars:
Qazlal
Ru
Xom
Yredelemnul


Message History

The ogre is blasted.
This wand has 18 charges left.
That item cannot be evoked!
Evoke which item? (* to show all) (? for menu, Esc to quit)
Zapping:
u - a wand of disintegration (18)
Press: ? - help, Shift-Dir - straight line, f/p - ogre
Aim: an ogre, wielding a giant club (heavily wounded, chance 65%)
The ogre struggles to resist.
This wand has 17 charges left.
The ogre hits you with a giant club!
* * * LOW HITPOINT WARNING * * *
That item cannot be evoked!
Evoke which item? (* to show all) (? for menu, Esc to quit)
Zapping:
u - a wand of disintegration (17)
Press: ? - help, Shift-Dir - straight line, f/p - ogre
Aim: an ogre, wielding a giant club (heavily wounded, chance 65%)
The ogre struggles to resist.
This wand has 16 charges left.
The ogre hits you but does no damage.
You hit the ogre.
The ogre is heavily wounded.
The ogre hits you with a giant club.
You die...

#.## ..# ....#......
.≈≈≈.#.##..#
#≈.K.≈#.##..#
#≈._.≈#.....##
#≈...≈#..(..>
#.≈≈≈.#..##.#####.# #..
#.....#.###.#..........
#..KO@...#........
#..####...#....##.##
#.#.# #.###.....<..#
#.##.# #...#....##..#
... ..#
#.....#.###..#### ###
#.# #.......##.......
#.# ##......)........
#.# #.#.#..##.....<.
#.# #.#.#..####.##..


You could see an ogre and a kobold.

Vanquished Creatures
  4 adders
  3 giant geckos
  An ooze (D:3)
  5 orcs
  6 bats
  2 gnoll zombies (D:2)
  4 hobgoblins
  A quokka (D:2)
  5 giant cockroaches
  4 giant newts
  10 goblins
  14 kobolds
  9 rats
68 creatures vanquished.

Notes
Turn   | Place    | Note
--------------------------------------------------------------
     0 | D:1      | teebee, the Hill Orc Fighter, began the quest for the Orb.
     0 | D:1      | Reached XP level 1. HP: 19/19 MP: 1/1
   193 | D:1      | Reached XP level 2. HP: 20/27 MP: 2/2
   655 | D:2      | Reached skill level 4 in Fighting
   669 | D:2      | Reached XP level 3. HP: 22/33 MP: 3/3
   815 | D:2      | Found a stormy altar of Qazlal.
  1360 | D:2      | Reached XP level 4. HP: 21/41 MP: 4/4
  1366 | D:2      | Found a basalt altar of Yredelemnul.
  1764 | D:3      | Found a shimmering altar of Xom.
  1869 | D:3      | Reached skill level 5 in Fighting
  2244 | D:4      | Found a sacrificial altar of Ru.
  2244 | D:4      | Noticed an ogre
  2253 | D:4      | Slain by an ogre

Action                   |  1- 3 |  4- 6 || total
-------------------------+-------+-------++-------
Melee: Long sword        |   149 |   111 ||   260
Evoke: Wand              |       |     3 ||     3
  Use: Potion            |     2 |     5 ||     7
       Scroll            |       |     1 ||     1
  Eat: Chunk             |     2 |     3 ||     5
